 Dungeon Crawl Stone Soup version 0.29.1-15-g9cfb28693d (webtiles) character file.

Game seed: 917688493125205642

176 devnull the Spear-Bearer (level 5, -7/38 HPs)
             Began as a Merfolk Gladiator on Mar 10, 2023.
             Mangled by Menkaure (19 damage)
             ... on level 4 of the Dungeon.
             The game lasted 00:07:39 (4346 turns).

devnull the Spear-Bearer (Merfolk Gladiator)        Turns: 4346, Time: 00:07:40

Health: -7/38      AC:  4    Str: 16    XL:     5   Next: 56%
Magic:  5/5        EV: 17    Int:  7    God:
Gold:   83         SH:  0    Dex: 16    Spells: 4/4 levels left

rFire   . . .      SeeInvis .   a - +0 trident
rCold   . . .      Faith    .   (no shield)
rNeg    . . .      Spirit   .   p - +0 leather armour
rPois   .          Reflect  .   c - +0 helmet
rElec   .          Harm     .   (no cloak)
rCorr   .          Rampage  .   (no gloves)
Will    .....                   (no boots)
Stlth   +.........              (no amulet)
HPRegen 0.12/turn               w - +4 ring of evasion
MPRegen 0.09/turn               (no ring)

@: no status effects
A: (nimble swimmer 2), mertail
a: no special abilities


You were on level 4 of the Dungeon.
You visited 1 branch of the dungeon, and saw 4 of its levels.

You collected 214 gold pieces.
You spent 131 gold pieces at shops.

Inventory:

Hand Weapons
 a - a +0 trident (weapon)
 b - a +0 halberd
Missiles
 d - 3 throwing nets (quivered)
 e - a javelin
 m - 6 poisoned darts
Armour
 c - a +0 helmet (worn)
 p - a +0 leather armour (worn)
 r - a +0 kite shield
Jewellery
 w - a +4 ring of evasion (left hand)
Scrolls
 f - 2 scrolls of fear {unknown}
 i - a scroll of enchant weapon {unknown}
 j - a scroll of magic mapping {unknown}
 k - a scroll of teleportation {unknown}
 o - a scroll of poison {unknown}
 u - a scroll of brand weapon {unknown}
 v - a scroll of vulnerability
Potions
 g - a potion of berserk rage {unknown}
 h - 3 potions of lignification {unknown}
 l - 3 potions of curing
 n - a potion of cancellation {unknown}
 q - a potion of resistance {unknown}
 s - a potion of might
 t - a potion of flight


   Skills:
 - Level 2.1 Fighting
 + Level 8.0 Polearms
 - Level 2.0 Throwing
 - Level 4.0 Dodging


You had 4 spell levels left.
You didn't know any spells.
Your spell library contained the following spells:

 Spells                   Type           Power      Damage    Failure   Level
 Ensorcelled Hibernation  Hex/Ice        0%         N/A       65%         2
 Passwall                 Tmut/Erth      0%         N/A       65%         2
 Swiftness                Air            0%         N/A       86%         3


Dungeon Overview and Level Annotations

Branches:
Dungeon (4/15)
 Temple: D:4-7

Altars:

Shops:
D:1 !   D:3 !

Annotations:
D:3 3 runed translucent doors, Darius099's ghost, amateur TrMo; Lysca's ghost, amateur FoFE; hero57213's ghost, amateur MiFi
D:4 Menkaure


Innate Abilities, Weirdness & Mutations

((You are very nimble when in or above water. (Stealth+, EV+, Speed+++)))
Your lower body shifts to a powerful aquatic tail in water.


Message History

Your body is wracked with pain!
You reach to attack!
You puncture Menkaure!
Menkaure is heavily damaged.
Menkaure calls on the powers of darkness!
Your body is wracked with pain!
* * * LOW HITPOINT WARNING * * *
You climb upwards.
Level annotation: 3 runed translucent doors, Darius099's ghost, amateur TrMo; Lysca's ghost, amateur FoFE; hero57213's ghost, amateur MiFi
There is a stone staircase leading down here.
You start resting.
HP restored.
You climb downwards.
Level annotation: Menkaure
There is a stone staircase leading up, spattered with blood here.
You barely miss Menkaure.
Menkaure gestures at you while chanting.
You barely resist. You hit Menkaure.
Menkaure is moderately damaged.
You barely miss Menkaure. You punch Menkaure, but do no damage.
Menkaure is moderately damaged.
Menkaure mumbles some strange words.
Menkaure seems to speed up.
You hit Menkaure.
Menkaure is heavily damaged.
Menkaure calls on the powers of darkness!
Your body is wracked with pain!
You hit Menkaure.
Menkaure is severely damaged.
Menkaure barely misses you.
You hit Menkaure but do no damage.
Menkaure is severely damaged.
Menkaure's ankle releases a plume of dust as he confides, "I'm not really a mummy, you know."
Menkaure hits you!
You are too injured to fight recklessly!
You completely miss Menkaure.
Menkaure is severely damaged.
Menkaure hits you!!
Ouch! That really hurt!
You die...

######## #......#######
#.####.......# ##.####.#####.#
#..........##.###########
#.......##.##.##......M.#
#...#.#.......##.######.#
#.......##.#####.# ####.####
#.#..##.##..(.@M.# #.......#
#.#.....############.#..##.####
#.......# .........#M......#
###...### .#...#........##.#
###.#.### #.. #............
#...#...# #. #.>.)........
#.#####.# # #............
#...#...# #.....).###.#
###.#.### #...........#


You could see Menkaure (fast).

Vanquished Creatures
  2 hounds
  A gnoll (D:4)
  4 adders
  2 worms
  A dart slug (D:2)
  5 ball pythons
  7 endoplasms
  6 giant cockroaches
  4 goblins
  6 hobgoblins
  2 jackals (D:2)
  4 quokkas
  3 bats
  2 frilled lizards (D:1)
  7 kobolds
  4 rats
60 creatures vanquished.

Vanquished Creatures (others)
  A gnoll (D:4)
  7 fungi (D:4)
  4 withered plants (D:3)
12 creatures vanquished.

Grand Total: 72 creatures vanquished

Notes
Turn   | Place    | Note
-------+----------+-------------------------------------------
     0 | D:1      | devnull the Merfolk Gladiator began the quest for the Orb.
     0 | D:1      | Reached XP level 1. HP: 16/16 MP: 1/1
    37 | D:1      | Found Xaleczu's Distillery.
    81 | D:1      | Reached XP level 2. HP: 22/22 MP: 2/2
   289 | D:1      | Reached skill level 5 in Polearms
   644 | D:1      | Reached XP level 3. HP: 22/27 MP: 3/3
  1087 | D:2      | You fall into a shaft and drop 2 floors!
  1111 | D:3      | Reached skill level 6 in Polearms
  1364 | D:2      | Reached XP level 4. HP: 25/33 MP: 4/4
  2111 | D:3      | Found Poybbuil's Distillery.
  2150 | D:3      | Bought a potion of might for 48 gold pieces
  2150 | D:3      | Bought a potion of curing for 36 gold pieces
  2150 | D:3      | Bought a potion of flight for 36 gold pieces
  2274 | D:3      | Reached skill level 7 in Polearms
  2510 | D:3      | Found a runed translucent gate.
  2510 | D:3      | Found a runed translucent gate.
  2512 | D:3      | Found a runed translucent gate.
  2513 | D:3      | Noticed hero57213's ghost (amateur MiFi)
  2513 | D:3      | Noticed Lysca's ghost (amateur FoFE)
  2513 | D:3      | Noticed Darius099's ghost (amateur TrMo)
  2833 | D:3      | Found a faded altar of an unknown god.
  3038 | D:1      | Bought a potion of degeneration for 11 gold pieces
  3276 | D:4      | Noticed Menkaure
  3492 | D:3      | Reached XP level 5. HP: 26/38 MP: 5/5
  3736 | D:4      | Reached skill level 8 in Polearms
  4346 | D:4      | Mangled by Menkaure

Illustrated notes

Levels and vault maps discovered:
D:1:      minmay_arrival_stone_box, layout_basic, serial_shops,
          nicolae_shop_behind_doors
D:2:      layout_basic
D:3:      layout_loops_cross, hellmonk_ecumenical_altar_prayer_group,
          gammafunk_ghost_cemetery, serial_shops, shop_coins,
          hangedman_decor_clover_reticule
D:4:      layout_loops_cross, led_sif_book, temple_pool_b, dreamdust_gnoll_farm,
          uniq_grinder, uniq_menkaure

Skill      XL: |  1  2  3  4  5 |
---------------+----------------+-----
Polearms       | 5 6 7 8 |  8.0
Fighting       | |  2.1
Throwing       | |  2.0
Dodging        | |  4.0

Action                   |  1- 3 |  4- 6 || total
-------------------------+-------+-------++-------
Melee: Trident           |    87 |   123 ||   210
       Punch             |     2 |     1 ||     3
  Use: Scroll            |       |     2 ||     2
 Stab: Sleeping          |     1 |     1 ||     2
       Distracted        |       |     1 ||     1
Armor: Leather armour    |    19 |    25 ||    44
Dodge: Dodged            |    25 |    59 ||    84
